 Dungeon Crawl Stone Soup version 0.18-a0-1683-gf9322e6 (webtiles) character file.

189 inmateoo the Ruffian (level 5, -9/40 HPs)
             Began as a Draconian Arcane Marksman on Apr 3, 2016.
             Was a Follower of Makhleb.
             Mangled by Menkaure (19 damage)
             ... on level 4 of the Dungeon.
             The game lasted 00:06:28 (4505 turns).

inmateoo the Ruffian (Draconian Arcane Marksman)    Turns: 4505, Time: 00:06:29

Health: -9/40      AC:  5    Str: 14    XL:     5   Next: 40%
Magic:  6/6        EV: 12    Int: 14    God:    Makhleb [*.....]
Gold:   136        SH:  0    Dex: 10    Spells: 1 memorised, 5 levels left

rFire  . . .     SeeInvis .       - Unarmed
rCold  . . .     Gourm    .     (armour unavailable)
rNeg   . . .     Faith    .     (no shield)
rPois  .         Spirit   .     (helmet restricted)
rElec  .         Dismiss  .     (no cloak)
rCorr  .         Reflect  .     (no gloves)
SustAt .         Harm     .     (no boots)
MR     .....     Rnd*Tele +     p - amulet of magic regeneration
Stlth  +.........               (no ring)
                                q - ring of teleportation (curse)

@: not resistant to hostile enchantments, very unstealthy
A: unfitting armour, cold-blooded, AC +5
a: Renounce Religion


You were on level 4 of the Dungeon.
You worshipped Makhleb.
Makhleb was aware of your devotion.
You were not hungry.

You visited 1 branch of the dungeon, and saw 4 of its levels.

You collected 136 gold pieces.

Inventory:

Hand Weapons
 r - a cursed -2 blowgun
Missiles
 b - 12 javelins (quivered)
 c - 2 throwing nets
Jewellery
 p - an amulet of magic regeneration (around neck)
 q - a cursed ring of teleportation (left hand)
 v - an uncursed ring of fire
Scrolls
 k - a scroll of immolation
 t - a scroll of recharging {unknown}
Potions
 g - a potion of lignification {unknown}
 h - 2 potions of degeneration {unknown}
 i - 2 potions of cure mutation
 j - a potion of might {unknown}
 n - a potion of heal wounds {unknown}
 s - a potion of flight {unknown}
 u - 2 potions of cancellation {unknown}
 z - 3 potions of curing {unknown}
Books
 a - a book of Debilitation

   Spells                             Type                      Level
   a - Corona                         Hexes                        1
   b - Slow                           Hexes                        2
   c - Gell's Gravitas                Hexes/Translocation          3
   d - Inner Flame                    Hexes/Fire                   3
   e - Cause Fear                     Hexes                        4
   f - Leda's Liquefaction            Hexes/Earth                  4
Comestibles
 d - 2 bread rations
 f - a slice of pizza
 l - 2 beef jerkies
 o - a royal jelly


   Skills:
 - Level 1.1 Fighting
 - Level 1.7 Throwing
 - Level 1.7 Dodging
 + Level 5.2 Unarmed Combat
 - Level 1.0 Spellcasting
 - Level 2.6 Hexes


You had 5 spell levels left.
You knew the following spells:

 Your Spells              Type           Power        Failure   Level  Hunger
a - Corona                Hex            #......      12%         1    ##.....


Dungeon Overview and Level Annotations

Branches:
Dungeon (4/15)
 Temple: D:4-7

Altars:
Makhleb
Qazlal

Annotations:
D:3 inmateoo's ghost, amateur DgAM
D:4 Menkaure


Innate Abilities, Weirdness & Mutations

Your plain brown scales are hard (AC +5).
Your body does not fit into most forms of armour.
You are cold-blooded and may be slowed by cold attacks.


Message History

You hit Menkaure but do no damage.
Menkaure is severely damaged.
Menkaure barely misses you.
You hit Menkaure.
Menkaure is severely damaged.
Menkaure points at you and mumbles some strange words.
You barely resist. You barely miss Menkaure. You tail-slap Menkaure.
Menkaure is almost destroyed.
You closely miss Menkaure.
Menkaure is almost destroyed.
Menkaure hits you.
* * * LOW HITPOINT WARNING * * *
You barely miss Menkaure.
Menkaure is almost destroyed.
Menkaure closely misses you.
You hit Menkaure but do no damage.
Menkaure is almost destroyed.
Menkaure hits you!!
You die...

#<.### #...............#
####....#########...............#
..##...........................##
#.............................##
###...#....###.)(.....##...#M##
#.....####...#........#...##.#
#..........#.........##..# #.#
#..........#.......#.....# #.#
#...............@..#.#.#.# #.#
...........##.#.M#.#...#.###.#
#..........##.#.##M...##..##.##
......#######.#.##...###.)....#
......#.......######## ########
........<......# ...............#
#####..........# ....>..........#


You could see Menkaure.

Vanquished Creatures
  An iguana (D:4)
  An orc wizard (D:4)
  6 adders
  An ooze (D:3)
  An adder skeleton (D:4)
  3 worms
  3 dart slugs (D:1)
  2 giant geckos
  4 orcs
  4 giant cockroaches
  6 goblins
  8 hobgoblins
  A jackal (D:3)
  A quokka (D:2)
  8 bats
  5 giant newts
  4 kobolds (D:1)
  6 rats
65 creatures vanquished.

Notes
Turn   | Place    | Note
--------------------------------------------------------------
     0 | D:1      | inmateoo the Draconian Arcane Marksman began the quest for the Orb.
     0 | D:1      | Reached XP level 1. HP: 16/16 MP: 2/2
   343 | D:1      | Reached skill level 1 in Unarmed Combat
   543 | D:1      | Reached XP level 2. HP: 23/23 MP: 3/3
   572 | D:1      | Reached skill level 2 in Unarmed Combat
   976 | D:1      | Reached XP level 3. HP: 28/28 MP: 4/4
  1362 | D:2      | Reached skill level 3 in Unarmed Combat
  1923 | D:2      | Found a stormy altar of Qazlal.
  2134 | D:2      | Found a burning altar of Makhleb.
  2136 | D:2      | Noticed a balrug
  2356 | D:2      | Noticed a hellwing
  2356 | D:2      | Noticed an orange demon
  2358 | D:2      | Became a worshipper of Makhleb the Destroyer
  2418 | D:3      | Reached XP level 4. HP: 32/35 MP: 5/5
  2716 | D:3      | Reached skill level 4 in Unarmed Combat
  2935 | D:3      | Noticed inmateoo's ghost (amateur DgAM)
  3732 | D:4      | Reached XP level 5. HP: 33/40 MP: 6/6
  3802 | D:4      | Reached * piety under Makhleb
  4024 | D:4      | Reached skill level 5 in Unarmed Combat
  4159 | D:4      | Noticed Menkaure
  4505 | D:4      | Mangled by Menkaure

Vault maps used:
D:1:      lightli_arrival_farm
D:2:      nicolae_overflow_hidden_temple, makhleb_altar_promises_db,
          kennysheep_generic_room_7
D:3:      uniq_grinder
D:4:      lemuel_coloured_pillars_altar, first_bread, grunt_decor_arrowhead,
          uniq_menkaure

Skill      XL: |  1  2  3  4  5 |
---------------+----------------+-----
Unarmed Combat | 1 2 3 4 5 |  5.2
Fighting       | |  1.1
Throwing       | |  1.7
Dodging        | |  1.7
Spellcasting   | |  1.0
Hexes          | |  2.6

Action                   |  1- 3 |  4- 6 || total
-------------------------+-------+-------++-------
Melee: Unarmed           |   181 |   135 ||   316
Throw: Javelin           |     4 |       ||     4
 Cast: Corona            |       |     1 ||     1
  Use: Scroll            |     3 |     6 ||     9
       Potion            |       |     1 ||     1
 Stab: Sleeping          |     1 |       ||     1
  Eat: Chunk             |     4 |     6 ||    10
       Royal jelly       |       |     1 ||     1
